 Dungeon Crawl Stone Soup version 0.27.1-3-gb3d3a73c9e (webtiles) character file.

Game seed: 143829146629303111

25 Crownlay the Shield-Bearer (level 2, -9/26 HPs)
             Began as a Minotaur Fighter on Oct 21, 2021.
             Mangled by Terence (13 damage)
             ... on level 2 of the Dungeon.
             The game lasted 00:00:47 (809 turns).

Crownlay the Shield-Bearer (Minotaur Fighter)        Turns: 809, Time: 00:00:47

Health: -9/26      AC:  6    Str: 20    XL:     2   Next: 86%
Magic:  1/1        EV:  8    Int:  5    God:
Gold:   16         SH:  9    Dex:  9    Spells: 1/1 levels left

rFire    . . .     SeeInvis .   a - +0 long sword
rCold    . . .     Faith    .   c - +0 kite shield
rNeg     . . .     Spirit   .   b - +0 scale mail
rPois    .         Reflect  .   (helmet restricted)
rElec    .         Harm     .   (no cloak)
rCorr    .         Rampage  .   (no gloves)
Will     .....                  (no boots)
Stlth    ..........             (no amulet)
HPRegen  0.08/turn              (no ring)
MPRegen  0.07/turn              (no ring)

@: no status effects
A: horns 2, retaliatory headbutt
a: no special abilities


You were on level 2 of the Dungeon.
You visited 1 branch of the dungeon, and saw 2 of its levels.

You collected 16 gold pieces.

Inventory:

Hand Weapons
 a - a +0 long sword (weapon)
Armour
 b - a +0 scale mail (worn)
 c - a +0 kite shield (worn)
Scrolls
 e - a scroll of identify {unknown}
 f - a scroll of magic mapping {unknown}
Potions
 d - a potion of might
 g - a potion of haste {unknown}
 h - a potion of curing {unknown}
 i - a potion of heal wounds {unknown}


   Skills:
 - Level 3.6 Fighting
 - Level 2.4 Long Blades
 - Level 3.6 Armour
 + Level 1.9 Dodging
 + Level 4.3 Shields


You had one spell level left.
You didn't know any spells.
Your spell library was empty.

Dungeon Overview and Level Annotations

Branches:
Dungeon (2/15)

Altars:

Annotations:
D:2 Terence


Innate Abilities, Weirdness & Mutations

You have a pair of horns on your head.
You reflexively headbutt those who attack you in melee.


Message History

Found a stone staircase leading down.
Terence the Incautious comes into view.
He is wielding a +2 trident of flaming.
Terence shouts!
Terence shouts, "Get ready for death!"
Terence is nearby!
Terence drinks a potion.
Terence seems to grow stronger.
You barely miss Terence. Terence hits you but does no damage.
You block Terence's attack.
You closely miss Terence. You headbutt Terence, but do no damage.
Terence barely misses you.
You riposte.
You hit Terence but do no damage. You headbutt Terence.
Terence is moderately wounded.
You closely miss Terence.
Terence is moderately wounded.
Terence hits you with a +2 trident of flaming.
Terence burns you.
Terence hits you with a +2 trident of flaming.
Terence burns you.
You hit Terence but do no damage. You headbutt Terence, but do no damage.
Terence is moderately wounded.
Terence says, "Did you write a will?
You should..."
You block Terence's attack.
You barely miss Terence.
Terence is moderately wounded.
Terence hits you with a +2 trident of flaming!
Ouch! That really hurt!
* * * LOW HITPOINT WARNING * * *
Terence burns you.
* * * LOW HITPOINT WARNING * * *
Terence barely misses you.
You are too injured to fight recklessly!
You are too injured to fight recklessly!
You are too injured to fight recklessly!
You are too injured to fight recklessly!
Your scale mail prevents you from hitting Terence.
You headbutt Terence!
Terence is severely wounded.
Terence hits you with a +2 trident of flaming!
Ouch! That really hurt!
You die...

# #. #.######
#......#
#......#
###...@..#
.......@.#####
........>....#
.........###.#
.........# #.#
...#####.# #.#
.. #.#
#†###### . #.#
#......# #.#
######.# ..
#.#


You could see Terence (strong).

Vanquished Creatures
  An adder (D:2)
  A ball python (D:1)
  3 endoplasms (D:1)
  A goblin (D:1)
  2 hobgoblins (D:1)
  2 bats
  A frilled lizard (D:1)
  2 kobolds (D:1)
  3 rats (D:1)
16 creatures vanquished.

Notes
Turn   | Place    | Note
-------+----------+-------------------------------------------
     0 | D:1      | Crownlay the Minotaur Fighter began the quest for the Orb.
     0 | D:1      | Reached XP level 1. HP: 19/19 MP: 0/0
    84 | D:1      | Reached skill level 1 in Dodging
   208 | D:1      | Reached skill level 4 in Shields
   252 | D:1      | Reached XP level 2. HP: 26/26 MP: 1/1
   761 | D:2      | Found a faded altar of an unknown god.
   800 | D:2      | Noticed Terence
   809 | D:2      | Mangled by Terence

Illustrated notes

Levels and vault maps discovered:
D:1:      saegor_arrival_miasma, layout_loops_cross, minmay_misc_feat_tiny
D:2:      layout_basic, chequers_ecumenical_altar_simple_redux,
          grunt_decor_clamped, uniq_terence

Skill      XL: |  1 |
---------------+----+-----
Dodging        | 1 |  1.9
Shields        | 4 |  4.3
Fighting       | |  3.6
Long Blades    | |  2.4
Armour         | |  3.6

Action                   || total
-------------------------++-------
Melee: Long sword        ||    45
       Headbutt          ||    10
Armor: Scale mail        ||    19
Dodge: Dodged            ||    13
Block: Kite shield       ||    20
       Rpst.: Long sword ||     3
